 Dungeon Crawl Stone Soup version 0.31.0-11-ge490571c62 (webtiles) character file.

Game seed: 8185390278225233378

86 qw the Shooter (level 4, -3/25 HPs)
             Began as a Deep Elf Hunter on Feb 4, 2024.
             Incinerated by a bombardier beetle (4 damage)
             ... with a burning spray
             ... on level 2 of the Dungeon.
             The game lasted 00:00:05 (1653 turns).

qw the Shooter (Deep Elf Hunter)                    Turns: 1653, Time: 00:00:06

Health: -3/25      AC:  6    Str: 10      XL:     4   Next: 27%
Magic:  6/6        EV:  9    Int: 12 (14) God:
Gold:   55         SH:  0    Dex: 16 (18) Spells: 3/3 levels left

rFire   . . .        a - +0 shortbow
rCold   + . .        (shield currently unavailable)
rNeg    . . .        b - +0 scale mail
rPois   .            (no helmet)
rElec   .            (no cloak)
rCorr   .            (no gloves)
SInv    .            (no boots)
Will    +....        (no amulet) Stlth
                     k - ring of willpower
HPRegen 0.24/turn    p - ring of protection from cold
MPRegen 0.10/turn

%: no passive effects
@: on fire, glowing
A: no striking features
a: no special abilities


You were on level 2 of the Dungeon.
You visited 1 branch of the dungeon, and saw 3 of its levels.

You collected 55 gold pieces.


   Skills:
 - Level 1.5 Fighting
 + Level 7.7 Ranged Weapons
 - Level 2.4 Dodging
 - Level 1.2 Stealth


You had 3 spell levels left.
You didn't know any spells.
Your spell library was empty.

Inventory:

Hand Weapons
 a - a +0 shortbow (weapon)
Armour
 b - a +0 scale mail (worn)
Jewellery
 k - a ring of willpower (left hand)
 p - a ring of protection from cold (right hand)
Scrolls
 d - a scroll of teleportation
Potions
 f - a potion of heal wounds
 i - a potion of resistance
 j - a potion of brilliance {unknown}
 l - a potion of haste {unknown}
 m - a potion of lignification {unknown}
 o - a potion of mutation {unknown}

Dungeon Overview and Level Annotations

Branches:
Dungeon (3/15)

Altars:


Message History

You climb downwards.
The endoplasm quivers.
The orc shouts!
The hobgoblin shouts!
You hear a shout! x2
Found 14 gold pieces and 3 stones.
There is a stone staircase leading up here.
There are monsters nearby!
Waypoint 2 assigned to D:3.
You shoot an arrow. The arrow hits the bombardier beetle!
The bombardier beetle is heavily wounded.
You shoot an arrow. The arrow hits the bombardier beetle.
The bombardier beetle is severely wounded.
An orc comes into view. It is wielding a +0 hand axe.
A frilled lizard comes into view.
A ribbon worm comes into view.
1647 ||| STAIRDANCE The frilled lizard hisses angrily.
The bombardier beetle sprays incendiary fluid at you.
The burning spray hits you.
You are covered in liquid fire!
You shake off some of the fire as you move.
You climb upwards.
The liquid fire burns you!
There is a stone staircase leading down here.
You shoot an arrow. The arrow hits the bombardier beetle.
The bombardier beetle is almost dead.
The liquid fire burns you!
The bombardier beetle sprays incendiary fluid at you.
The burning spray hits you.
You are even more covered in liquid fire!
You shoot an arrow. The arrow hits the bombardier beetle.
You kill the bombardier beetle!
The liquid fire burns you!
You feel your strength returning.
You have reached level 4!
You feel clever.
You are on fire!
The liquid fire burns you!
You are on fire!
The liquid fire burns you!
You are on fire!
The liquid fire burns you!
You die...

...###..##...# #.# ...#
#...#...# #######.# ...#
#.#.....# #.......#
...###.###...#
###.#######
..%....####.## #.....#
.....#.......###.###.#
#.##.#.#####..##.#
#.############ [)?#...#
###...#.###.##..........
#.##..##
#...#..@....##.####..#..
...#..#
#.###.#%..........#..#.#
####..# #.#
#.#.######.##.#..#.#
......#
#.###.#.##.).#....#....#
#######
#.....#....#..........##
#####.##################
#......#...........)...
#.####.#.####.#.#######
#.#.........#.#........


There were no monsters in sight!

Vanquished Creatures
  A bombardier beetle (D:2)
  A ribbon worm (D:2)
  4 bats
  5 endoplasms
  3 giant cockroaches
  6 goblins
  3 hobgoblins (D:1)
  6 jackals
  4 kobolds
  3 quokkas (D:2)
  3 ball pythons
  A frilled lizard (D:1)
  3 rats
43 creatures vanquished.

Notes
Turn   | Place    | Note
-------+----------+-------------------------------------------
     0 | D:1      | qw the Deep Elf Hunter began the quest for the Orb.
     0 | D:1      | Reached XP level 1. HP: 12/12 MP: 3/3
     0 | D:1      | 0 ||| qw: Version: 0.3-a-160-g6735b56
     0 | D:1      | 0 ||| qw: Game counter: 4733
     0 | D:1      | 0 ||| qw: Melee chars always use a shield: true
     0 | D:1      | 0 ||| qw: God list: Okawaru
     0 | D:1      | 0 ||| qw: Allow faded altars: false
     0 | D:1      | 0 ||| qw: Do Orc after clearing Dungeon:15 true
     0 | D:1      | 0 ||| qw: Do second Lair branch before Depths: true
     0 | D:1      | 0 ||| qw: Lair rune preference: random
     0 | D:1      | 0 ||| qw: Goals: Normal
     0 | D:1      | 0 ||| PLANNING D:1-11
    55 | D:1      | 55 ||| RETREEEEATING.
    68 | D:1      | Reached XP level 2. HP: 12/16 MP: 4/4
    69 | D:1      | Reached skill level 6 in Ranged Weapons
   538 | D:1      | 538 ||| UPGRADING to ring of willpower.
   539 | D:1      | 539 ||| READING 2 scrolls labelled LYNIJU YLIGHYS.
   542 | D:1      | 542 ||| READING scroll labelled FUTWETUMUZ.
   543 | D:1      | 543 ||| READING scroll labelled ZIRIUL DOORYC.
   644 | D:1      | 644 ||| READING 2 scrolls labelled ORIESHRY KAPU.
   645 | D:1      | 645 ||| READING scroll labelled DOKHEO VUTH.
   646 | D:1      | 646 ||| READING scroll labelled RAYLUN LOL CIMM.
   747 | D:1      | 747 ||| DROPPING scroll of butterflies.
   748 | D:1      | 748 ||| DROPPING scroll of revelation.
   827 | D:2      | Reached XP level 3. HP: 20/20 MP: 5/5
  1101 | D:2      | Found a faded altar of an unknown god.
  1302 | D:2      | Reached skill level 7 in Ranged Weapons
  1591 | D:2      | 1591 ||| UPGRADING to +0 scale mail.
  1601 | D:2      | 1601 ||| DROPPING +0 leather armour.
  1602 | D:2      | 1602 ||| DROPPING ring of magical power.
  1603 | D:2      | 1603 ||| UPGRADING to ring of protection from cold.
  1604 | D:2      | 1604 ||| READING scroll labelled RIR JYATYA.
  1605 | D:2      | 1605 ||| READING 2 scrolls labelled DUIVAN CISA.
  1605 | D:2      | 1605 ||| IDENTIFYING clear potion
  1606 | D:2      | 1606 ||| READING scroll of identify.
  1606 | D:2      | 1606 ||| IDENTIFYING sedimented grey potion
  1607 | D:2      | 1607 ||| DRINKING 2 grey potions.
  1608 | D:2      | 1608 ||| DROPPING potion of degeneration.
  1647 | D:3      | 1647 ||| STAIRDANCE
  1650 | D:2      | HP: 5/20 [burnt (3)]
  1651 | D:2      | Reached XP level 4. HP: 7/25 MP: 6/6
  1652 | D:2      | HP: 1/25 [burnt (4)]
  1653 | D:2      | Incinerated by a bombardier beetle

Levels and vault maps discovered:
D:1:      dpeg_arrival_ternary, layout_rooms, chequers_mini_garden, st_stairs_5
D:2:      layout_basic, ebering_ecumenical_altar_abandoned,
          minmay_split_cup_small
D:3:      kennysheep_the_goblin_king, layout_basic,
          nicolae_overflow_guarded_unrand_okawaru_victory

Skill      XL: |  1  2  3 |
---------------+----------+-----
Ranged Weapons | 6 7 |  7.7
Fighting       | |  1.5
Dodging        | |  2.4
Stealth        | |  1.2

Action                     |  1- 3 |  4- 6 || total
---------------------------+-------+-------++-------
   Fire: Shortbow          |   125 |       ||   125
    Use: Scroll            |     9 |       ||     9
         Potion            |     1 |       ||     1
 Armour: Leather armour    |    29 |       ||    29
  Dodge: Dodged            |    48 |       ||    48

Table legend:
 A = Non-vault XP
 B = Vault XP
 C = Vault XP percentage of total XP
 D = Non-vault monster count
 E = Vault monster count
 F = Vault count percentage of total count
                 A         B        C        D         E       F
            +---------+---------+-------+---------+---------+-------
      Total |     116 |       8 |   6.5 |      38 |       5 |  11.6
            +---------+---------+-------+---------+---------+-------
        D:1 |      36 |       3 |   7.7 |      20 |       2 |   9.1
        D:2 |      80 |       5 |   5.9 |      18 |       3 |  14.3
            +---------+---------+-------+---------+---------+-------
